 Dungeon Crawl Stone Soup version 0.18.1-50-g88ac8fd (webtiles) character file.

31 Deathtrap2010 the Slasher (level 3, -2/33 HPs)
             Began as a Minotaur Chaos Knight on May 11, 2017.
             Slain by a soul eater (9 damage)
             ... summoned by the capriciousness of Xom
             ... on level 2 of the Dungeon.
             The game lasted 00:05:08 (787 turns).

Deathtrap2010 the Slasher (Minotaur Chaos Knight)    Turns: 787, Time: 00:05:08

Health: -2/33      AC:  6    Str: 17    XL:     3   Next: 7%
Magic:  2/2        EV: 11    Int:  9    God:    Xom [..*...]
Gold:   58         SH:  0    Dex:  9    Spells: 0 memorised, 2 levels left

rFire  . . .     SeeInvis .     a - +0 falchion (chaos)
rCold  . . .     Gourm    .     b - +3 leather armour
rNeg   . . .     Faith    .     (no shield)
rPois  .         Spirit   .     (helmet restricted)
rElec  .         Dismiss  .     (no cloak)
rCorr  .         Reflect  .     (no gloves)
SustAt .         Harm     .     (no boots)
MR     .....                    (no amulet)
Stlth  +.........               (no ring)
                                (no ring)

@: drained, not resistant to hostile enchantments, very unstealthy
A: retaliatory headbutt, horns 2
a: Renounce Religion


You were on level 2 of the Dungeon.
You worshipped Xom.
You were a toy of Xom.
You were not hungry.

You visited 1 branch of the dungeon, and saw 2 of its levels.

You collected 58 gold pieces.

Inventory:

Hand Weapons
 a - a +0 falchion of chaos (weapon)
Armour
 b - a +3 leather armour (worn)
Scrolls
 d - a scroll of identify
 e - a scroll of random uselessness {unknown}
Comestibles
 c - a bread ration


   Skills:
 * Level 4.2(3.8) Fighting
 * Level 4.3(3.8) Long Blades
 * Level 2.7(2.2) Armour
 * Level 1.3(0.9) Dodging


You had 2 spell levels left.
You didn't know any spells.

Dungeon Overview and Level Annotations

Branches:
Dungeon (2/15)

Altars:
Ashenzari


Innate Abilities, Weirdness & Mutations

You reflexively headbutt those who attack you in melee.
You have a pair of horns on your head.


Message History

Unknown command.
You climb downwards.
Found an escape hatch in the floor.
There is a stone staircase leading up here.
A goblin comes into view.
The goblin shouts!
You hit the goblin.
You kill the goblin!
You see here a goblin corpse.
You hear Xom's maniacal laughter.
Something forms from out of thin air!
The soul eater hits you!!
Ouch! That really hurt!
Xom is highly amused!
You feel drained.
You closely miss the soul eater. The soul eater hits you.
* * * LOW HITPOINT WARNING * * *
You barely miss the soul eater. Your headbutt misses the soul eater.
The soul eater hits you!
You die...

... .# #.# #.# #.#
... #>###.#
#######<....# ##
#......##.### . ..
#..###.##.#
....#.##..#......#
#....@..†.#.####
###.##3.....# #
#.####.# #.. ..#
#### ###


You could see a soul eater.

Vanquished Creatures
  A dart slug (D:1)
  A giant gecko (D:1)
  A bat (D:1)
  2 giant cockroaches (D:1)
  7 goblins
  5 hobgoblins (D:1)
  3 giant newts (D:1)
  3 kobolds (D:1)
  2 rats (D:1)
  5 plants (D:1)
30 creatures vanquished.

Notes
Turn   | Place    | Note
--------------------------------------------------------------
     0 | D:1      | Deathtrap2010 the Minotaur Chaos Knight began the quest for the Orb.
     0 | D:1      | Reached XP level 1. HP: 19/19 MP: 0/0
     2 | D:1      | Noticed an octopode
     2 | D:1      | Noticed a vine stalker
     4 | D:1      | Noticed a tengu
     6 | D:1      | Noticed a human
     6 | D:1      | Noticed a merfolk
    14 | D:1      | Noticed a draconian
    16 | D:1      | Noticed a halfling
    16 | D:1      | Noticed a vampire
    18 | D:1      | Noticed a troll
    18 | D:1      | Noticed a ghoul
    44 | D:1      | Noticed an ogre
    44 | D:1      | Noticed a demigod
    46 | D:1      | Noticed a felid
    46 | D:1      | Noticed a demonspawn
    48 | D:1      | Noticed a naga
    54 | D:1      | Noticed a gargoyle
    54 | D:1      | Noticed a dwarf
    56 | D:1      | Noticed an elf
    58 | D:1      | Noticed a formicid
    58 | D:1      | Noticed a spriggan
    64 | D:1      | Noticed a minotaur
    64 | D:1      | Noticed a centaur
   169 | D:1      | Found a shattered altar of Ashenzari.
   172 | D:1      | Reached XP level 2. HP: 27/27 MP: 1/1
   268 | D:1      | Gained mutation: Your muscles are strong. (Str +2) [potion of beneficial mutation]
   287 | D:1      | XOM: potion effect (haste)
   441 | D:1      | Lost mutation: Your muscles are strong. (Str +2) [potion of cure mutation]
   510 | D:1      | Reached XP level 3. HP: 14/33 MP: 2/2
   783 | D:2      | XOM: medium Summ miscast
   784 | D:2      | Noticed a soul eater
   787 | D:2      | Slain by a soul eater

Skill      XL: |  1  2 |
---------------+-------+-----
Fighting       | 4 |  4.2
Long Blades    | 4 |  4.3
Armour         | |  2.7
Dodging        | |  1.3

Action                   || total
-------------------------++-------
Melee: Falchion          ||   197
       Headbutt          ||    37
  Use: Scroll            ||     4
       Potion            ||     4
Armor: Leather armour    ||    14
Dodge: Dodged            ||    23
